 Dungeon Crawl Stone Soup version 0.29.1-4-g47bece8355 (webtiles) character file.

Game seed: 5813199809828169133

1085 H0rd4k the Insei (level 8, -3/54 HPs)
             Began as an Octopode Artificer on Dec 5, 2022.
             Slain by an orc warrior
             ... wielding a +0 short sword
              (16 damage)
             ... on level 6 of the Dungeon.
             The game lasted 00:08:09 (6959 turns).

H0rd4k the Insei (Octopode Artificer)               Turns: 6959, Time: 00:08:10

Health: -3/54      AC:  1    Str: 12    XL:     8   Next: 30%
Magic:  13/13      EV: 13    Int: 15    God:
Gold:   342        SH:  0    Dex: 12    Spells: 14/14 levels left

rFire   . . .      SeeInvis .     - Unarmed
rCold   . . .      Faith    .   (no shield)
rNeg    . . .      Spirit   .   (helmet restricted)
rPois   .          Reflect  .   (no amulet)
rElec   .          Harm     .   a - ring of flight
rCorr   .          Rampage  .   (no ring)
Will    .....                   (no ring)
Stlth   +++.......              (no ring)
HPRegen 0.18/turn               (no ring)
MPRegen 0.13/turn               (no ring)
                                (no ring)
                                (no ring)

@: flying
A: almost no armour, amphibious, 8 rings, camouflage 1, gelatinous body 1,
(nimble swimmer 1), tentacles
a: no special abilities


You were on level 6 of the Dungeon.
You visited 1 branch of the dungeon, and saw 6 of its levels.
You also visited: Ossuary.

You collected 342 gold pieces.

Inventory:

Missiles
 r - 4 poisoned darts (quivered)
 x - a throwing net
Magical Staves
 l - a staff of conjuration
Jewellery
 a - a ring of flight (left tentacle)
 w - an amulet of faith
Wands
 b - a wand of flame (7)
 d - a wand of iceblast (5)
Scrolls
 f - 3 scrolls of identify
 g - 2 scrolls of fear {unknown}
 h - a scroll of torment {unknown}
 j - 2 scrolls of amnesia
 k - a scroll of enchant armour {unknown}
 m - 2 scrolls of poison {unknown}
 o - a scroll of teleportation {unknown}
 u - a scroll of vulnerability {unknown}
 v - a scroll of blinking {unknown}
Potions
 e - 4 potions of flight {unknown}
 i - 3 potions of haste {unknown}
 n - 5 potions of curing
 p - a potion of mutation {unknown}
 q - a potion of brilliance {unknown}
 s - a potion of might {unknown}
 t - 3 potions of lignification {unknown}
 z - a potion of attraction {unknown}


   Skills:
 * Level 4.5 Fighting
 + Level 0.3 Throwing
 - Level 2.3 Dodging
 - Level 1.3 Stealth
 + Level 6.8 Unarmed Combat
 * Level 3.8 Spellcasting
 - Level 3.2 Evocations


You had 14 spell levels left.
You didn't know any spells.
Your spell library contained the following spells:

 Spells                   Type           Power      Damage    Failure   Level
 Magic Dart               Conj           8%         1d3       19%         1
 Sandblast                Erth           4%         2d4       19%         1
 Blink                    Tloc           4%         N/A       28%         2
 Passwall                 Tmut/Erth      1%         N/A       28%         2
 Searing Ray              Conj           4%         2d4       28%         2
 Lesser Beckoning         Tloc           2%         N/A       50%         3
 Stone Arrow              Conj/Erth      4%         3d7       50%         3
 Cause Fear               Hex            1%         N/A       88%         4
 Fulminant Prism          Conj/Hex       1%         3d6       88%         4
 Manifold Assault         Tloc           2%         N/A       99%         5
 Dragon Form              Tmut           1%         N/A       100%        7
 Dragon's Call            Summ           1%         N/A       100%        9


Dungeon Overview and Level Annotations

Branches:
Dungeon (6/15)            Ossuary (visited)
 Temple: D:4-7

Altars:
Elyvilon
Uskayaw

Shops:
D:1 *   D:5 !

Annotations:
D:3 1 runed translucent door, exclusions: door, downstairs and necrophage, Crazy Yiuf


Innate Abilities, Weirdness & Mutations

You cannot wear most types of armour.
You are amphibious.
You can wear up to eight rings at the same time.
Your skin changes colour to match your surroundings (Stealth+).
Your rubbery body absorbs attacks. (AC +1, EV +1)
((You are camouflaged when in or above water. (Stealth+)))
You have tentacles for arms and can constrict up to eight enemies at once.


Message History

The orc warrior hits you with a +0 short sword!
Unknown command.
Aiming: Charm
Press: ? - help, Shift-Dir - straight line, f/p - orc warrior
Aim: an orc warrior, wielding a +0 short sword and wearing a +0 plate armour (chance to affect: 57%)
The orc warrior resists with significant effort.
The orc warrior barely misses you.
Unknown command.
Aiming: Charm
Press: ? - help, Shift-Dir - straight line, f/p - orc warrior
Aim: an orc warrior, wielding a +0 short sword and wearing a +0 plate armour (chance to affect: 57%)
The orc warrior resists with significant effort.
The orc warrior hits you with a +0 short sword!
Unknown command.
Aiming: Charm
Press: ? - help, Shift-Dir - straight line, f/p - orc warrior
Aim: an orc warrior, wielding a +0 short sword and wearing a +0 plate armour (chance to affect: 57%)
The orc warrior resists with significant effort.
The orc warrior misses you.
Unknown command.
Aiming: Charm
Press: ? - help, Shift-Dir - straight line, f/p - orc warrior
Aim: an orc warrior, wielding a +0 short sword and wearing a +0 plate armour (chance to affect: 57%)
The orc warrior resists with significant effort.
The now-empty wand crumbles to dust.
The orc warrior hits you with a +0 short sword!
* * * LOW HITPOINT WARNING * * *
The orc warrior attacks as you move away!
The orc warrior misses you.
Okay, then.
It was a potion of curing.
You feel better.
The orc warrior hits you with a +0 short sword.
As you read the scroll labelled PEUL YLOPHEH, it crumbles to dust.
It is a scroll of identify.
j - 2 scrolls of amnesia The orc warrior hits you with a +0 short sword!
* * * LOW HITPOINT WARNING * * *
The orc warrior attacks as you move away!
The orc warrior hits you with a +0 short sword!
You die...

#.###...... #.#.... ...
#.#.#># #.# #.....# #.#
####.....# #.# #
#........# #.# .#
#####.<...###.####..#<..
#..[........#.#.o)....#
#######.......#@##..###
#.....###.##..#
#....†........#
....##>......##### ###.
#..###### #. #... #.
#..## #..# #..#


You could see an orc warrior.

Vanquished Creatures
  Menkaure (D:4)
  An ogre (D:5)
  An elf zombie (D:4)
  A bullfrog (D:6)
  2 elf skeletons (D:4)
  A scorpion (D:5)
  A necrophage (D:5)
  2 centaur zombies (Ossuary)
  3 human zombies (Ossuary)
  A hound (D:5)
  2 orc priests (D:6)
  A human skeleton (D:4)
  3 orc wizards (D:5)
  2 mummies (Ossuary)
  4 gnolls (D:5)
  5 adders
  A white imp (D:5)
  2 adder zombies (Ossuary)
  A worm (D:3)
  3 dart slugs
  6 orcs
  3 bats
  4 endoplasms
  A giant cockroach (D:2)
  7 goblins
  10 hobgoblins
  3 jackals (D:1)
  7 kobolds
  2 quokkas (D:2)
  7 ball pythons
  A frilled lizard (D:3)
  A goblin zombie (Ossuary)
  5 hobgoblin zombies (Ossuary)
  A jackal zombie (Ossuary)
  12 kobold zombies (Ossuary)
  An orc skeleton (D:4)
  9 orc zombies (Ossuary)
  2 rats (D:2)
  A rat zombie (Ossuary)
121 creatures vanquished.

Vanquished Creatures (collateral kills)
  3 orcs (D:5)
  A hobgoblin zombie (Ossuary)
  An orc skeleton (D:4)
5 creatures vanquished.

Vanquished Creatures (others)
  2 orcs
  A goblin (D:2)
  4 fungi (D:1)
  7 plants (D:1)
14 creatures vanquished.

Grand Total: 140 creatures vanquished

Notes
Turn   | Place    | Note
-------+----------+-------------------------------------------
     0 | D:1      | H0rd4k the Octopode Artificer began the quest for the Orb.
     0 | D:1      | Reached XP level 1. HP: 13/13 MP: 1/1
     9 | D:1      | Found Ubyik's General Store.
   138 | D:1      | Found a faded altar of an unknown god.
   595 | D:1      | Reached XP level 2. HP: 18/18 MP: 1/3
   600 | D:1      | Reached skill level 1 in Spellcasting
  1089 | D:2      | Reached XP level 3. HP: 24/24 MP: 3/5
  1701 | D:2      | Reached skill level 1 in Unarmed Combat
  2426 | D:2      | Reached XP level 4. HP: 30/30 MP: 6/6
  2630 | D:3      | Noticed a necrophage
  2732 | D:3      | Found a hide-covered altar of Uskayaw.
  2847 | D:3      | Found a runed translucent door.
  2848 | D:3      | Noticed Crazy Yiuf
  3464 | D:4      | Noticed Menkaure
  3469 | D:4      | Killed Menkaure
  3470 | D:4      | Reached skill level 3 in Unarmed Combat
  3470 | D:4      | Reached XP level 5. HP: 16/36 MP: 6/8
  3539 | D:4      | HP: 1/36 [elf zombie (7)]
  3584 | D:4      | Found a sand-covered staircase.
  3593 | Ossuary  | Entered an ossuary
  3972 | Ossuary  | Reached XP level 6. HP: 42/42 MP: 9/9
  4497 | Ossuary  | Reached skill level 4 in Unarmed Combat
  4881 | D:4      | Reached XP level 7. HP: 40/47 MP: 11/11
  4938 | D:4      | Reached skill level 5 in Unarmed Combat
  5487 | D:5      | Entered Level 5 of the Dungeon
  5857 | D:5      | Found Ytig's Distillery.
  5928 | D:5      | Reached skill level 6 in Unarmed Combat
  6106 | D:5      | Found a white marble altar of Elyvilon.
  6113 | D:5      | Reached XP level 8. HP: 31/54 MP: 13/13
  6959 | D:6      | Slain by an orc warrior

Illustrated notes

Levels and vault maps discovered:
D:1:      grunt_arrival_lava_bath, layout_basic, serial_glass, glass_columns_a,
          glass_columns_c, serial_shops, shop, shapermc_ecumenical_altar_gd
D:2:      layout_basic, guppyfry_early_orc_mine
D:3:      layout_basic, nicolae_uskayaw_dance_hall, uniq_crazy_yiuf_cottage
D:4:      layout_loops_cross, nicolae_ossuary_entry_catacombs, uniq_menkaure
D:5:      layout_loops_ring, elyvilon_altar_1, serial_shops,
          kennysheep_little_box
D:6:      layout_loops_ring, nicolae_underground_beach

Skill      XL: |  1  2  3  4  5  6  7 |
---------------+----------------------+-----
Spellcasting   | 1 2 3 |  3.8
Fighting       | 2 3 4 |  4.5
Unarmed Combat | 1 3 4 6 |  6.8
Throwing       | |  0.3
Dodging        | |  2.3
Stealth        | |  1.3
Evocations     | |  3.2

Action                   |  1- 3 |  4- 6 |  7- 9 || total
-------------------------+-------+-------+-------++-------
Melee: Unarmed           |    88 |   172 |    95 ||   355
       Constrict         |    29 |    41 |    19 ||    89
       Tentacles         |    22 |    57 |    25 ||   104
       Punch             |       |    11 |     4 ||    15
Throw: Dart              |       |       |     5 ||     5
Evoke: Wand              |     5 |     7 |    11 ||    23
  Use: Scroll            |       |       |     1 ||     1
       Potion            |       |       |     1 ||     1
 Stab: Sleeping          |     4 |     7 |     5 ||    16
       Distracted        |       |       |     2 ||     2
Armor: Skin              |     9 |     5 |     2 ||    16
Dodge: Dodged            |    51 |    78 |    40 ||   169
